 Dungeon Crawl Stone Soup version 0.30-a0-605-gb2882149bf (webtiles) character file.

Game seed: 816216567073340234

2091 karrick the Ducker (level 9, -4/70 HPs)
             Began as a Gnoll Gladiator on Jan 7, 2023.
             Slain by an ogre
             ... wielding a +0 giant club
              (14 damage)
             ... on level 6 of the Dungeon.
             The game lasted 00:13:11 (8099 turns).

karrick the Ducker (Gnoll Gladiator)                Turns: 8099, Time: 00:13:12

Health: -4/70      AC:  4    Str: 16    XL:     9   Next: 27%
Magic:  15/15      EV: 15    Int:  7    God:
Gold:   419        SH:  0    Dex: 16    Spells: 16/16 levels left

rFire   . . .      SeeInvis .    o - +2 hand axe (freeze)
rCold   . . .      Faith    .    (no shield)
rNeg    . . .      Spirit   .    b - +0 leather armour
rPois   .          Reflect  .    c - +0 helmet
rElec   .          Harm     .    (no cloak)
rCorr   +          Rampage  .    (no gloves)
Will    +....                    (no boots)
Stlth   +++                      (no amulet)
HPRegen 0.31/turn                m - ring of resist corrosion
MPRegen 0.14/turn                p - ring of willpower

@: no status effects
A: fangs 1, strong nose, distributed training
a: no special abilities


You were on level 6 of the Dungeon.
You visited 2 branches of the dungeon, and saw 7 of its levels.
You also visited: Ossuary.

You collected 419 gold pieces.

Inventory:

Hand Weapons
 a - a +0 war axe
 o - a +2 hand axe of freezing (weapon)
Missiles
 d - 3 throwing nets (quivered)
 e - 7 javelins
 j - 6 boomerangs
Armour
 b - a +0 leather armour (worn)
 c - a +0 helmet (worn)
 r - an orb of wrath
 u - an orb of mayhem
Jewellery
 m - a ring of resist corrosion (left hand)
 p - a ring of willpower (right hand)
 D - a ring of protection from fire
Wands
 n - a wand of mindburst (15)
 A - a wand of paralysis (8)
 C - a wand of flame (11)
 F - a wand of iceblast (19)
Scrolls
 f - 3 scrolls of fog {unknown}
 h - 2 scrolls of teleportation
 i - a scroll of blinking {unknown}
 k - 6 scrolls of identify {unknown}
 s - 2 scrolls of amnesia {unknown}
 v - a scroll of magic mapping {unknown}
 y - 2 scrolls of noise {unknown}
 B - a scroll of immolation {unknown}
 E - a scroll of summoning {unknown}
Potions
 g - a potion of lignification {unknown}
 l - 3 potions of attraction
 q - 2 potions of curing {unknown}
 t - a potion of haste {unknown}
 w - a potion of might {unknown}
 x - 2 potions of mutation {unknown}
 z - a potion of cancellation {unknown}
 G - a potion of heal wounds {unknown}


   Skills:
 + Level 6.3 Fighting
 + Level 4.2 Short Blades
 + Level 4.2 Long Blades
 + Level 7.9 Axes
 + Level 4.2 Maces & Flails
 + Level 4.2 Polearms
 + Level 4.2 Staves
 + Level 4.2 Ranged Weapons
 + Level 6.3 Throwing
 + Level 4.2 Armour
 + Level 7.9 Dodging
 + Level 4.2 Stealth
 + Level 4.2 Shields
 + Level 4.2 Unarmed Combat
 + Level 4.2 Spellcasting
 + Level 3.5 Conjurations
 + Level 3.5 Hexes
 + Level 3.5 Summonings
 + Level 3.5 Necromancy
 + Level 3.5 Translocations
 + Level 3.5 Transmutations
 + Level 3.5 Fire Magic
 + Level 3.5 Ice Magic
 + Level 3.5 Air Magic
 + Level 3.5 Earth Magic
 + Level 3.5 Poison Magic
 + Level 4.6 Invocations
 + Level 4.2 Evocations


You had 16 spell levels left.
You didn't know any spells.
Your spell library contained the following spells:

 Spells                   Type           Power      Damage    Failure   Level
 Apportation              Tloc           12%        N/A       9%          1
 Beastly Appendage        Tmut           12%        N/A       9%          1
 Necrotise                Necr           24%        1d5       9%          1
 Summon Small Mammal      Summ           24%        N/A       9%          1
 Wereblood                Tmut           6%         N/A       13%         2
 Dazzling Flash           Conj/Hex       12%        N/A       26%         3
 Gell's Gravitas          Tloc           6%         N/A       26%         3
 Inner Flame              Hex/Fire       6%         N/A       26%         3
 Lesser Beckoning         Tloc           12%        N/A       26%         3
 Spider Form              Tmut/Pois      6%         N/A       26%         3
 Teleport Other           Tloc           6%         N/A       26%         3
 Flame Wave               Conj/Fire      6%         2d5       65%         4
 Sticky Flame             Conj/Fire      6%         2d3       65%         4
 Agony                    Necr           6%         N/A       94%         5
 Freezing Cloud           Conj/Ice/Air   3%         6-21      94%         5
 Silence                  Hex/Air        3%         N/A       94%         5
 Simulacrum               Ice/Necr       3%         N/A       100%        6
 Polar Vortex             Ice            3%         N/A       100%        9


Dungeon Overview and Level Annotations

Branches:
Dungeon (6/15)             Temple (1/1) D:4         Ossuary (visited)

Altars:
Ashenzari
Cheibriados
Dithmenos
Gozag
Hepliaklqana
Kikubaaqudgha
Nemelex Xobeh
Qazlal
Ru
Uskayaw
Vehumet
Xom
Yredelemnul
Zin
The Shining One

Annotations:
D:4 3 runed translucent doors, Lianjan's ghost, novice OgRe


Innate Abilities, Weirdness & Mutations

You have very sharp teeth.
Your uncanny sense of smell can sniff out nearby items.
Your experience applies equally to all skills.


Message History

There is an open door here.
There is an open door here.
There is an open door here.
An ogre comes into view. It is wielding a +0 giant club.
The ogre shouts!
The ogre hits you with a +0 giant club!!
You hit the ogre but do no damage. Your punch misses the ogre.
You barely miss the ogre.
The ogre hits you with a +0 giant club!!
You are too injured to fight recklessly!
You are too injured to fight recklessly!
You are too injured to fight recklessly!
You are too injured to fight recklessly!
You are too injured to fight recklessly!
You are too injured to fight recklessly!
You are too injured to fight recklessly!
You are too injured to fight recklessly!
You are too injured to fight recklessly!
You are too injured to fight recklessly!
You are too injured to fight recklessly!
You are too injured to fight recklessly!
You are too injured to fight recklessly!
You barely miss the ogre. You bite the ogre.
The ogre is lightly wounded.
The ogre closely misses you.
You hit the ogre. You freeze the ogre.
The ogre is lightly wounded.
You hit the ogre. You freeze the ogre. Your bite misses the ogre.
The ogre is moderately wounded.
The ogre misses you.
You closely miss the ogre.
The ogre is moderately wounded.
You hit the ogre but do no damage. Your bite misses the ogre.
The ogre is moderately wounded.
The ogre hits you with a +0 giant club!
* * * LOW HITPOINT WARNING * * *
You barely miss the ogre.
The ogre is moderately wounded.
The ogre hits you with a +0 giant club!
You die...

........#.........#......+...#...
........#.........#......#...#...
........#########+#......#...##..
#######..............#####...##..
#..............#.......'...
#...)..........#.......#...
#..............#.......#...
#..............######'###..
##########@.....#......##..
#O.....#......#...
#......#......#...
'......#......#...
#......#......##..
#......#.....<##..
#......#......####
#......#......#...
#......#......#...


You could see an ogre.

Vanquished Creatures
  A yak (D:5)
  A steam dragon (D:6)
  3 ice beasts
  2 ogres (D:6)
  An elf zombie (Ossuary)
  A necrophage (D:4)
  3 scorpions
  5 centaur zombies (Ossuary)
  4 hounds
  A jelly (D:5)
  An orc priest (D:3)
  6 iguanas
  Jessica (D:2)
  A scorpion zombie (D:3)
  Natasha (twice) (D:2)
  7 orc wizards
  A hound zombie (Ossuary)
  4 mummies
  3 gnolls
  9 adders
  A white imp (D:5)
  2 adder zombies (Ossuary)
  2 dart slugs (D:1)
  19 orcs
  A ball python (D:1)
  2 bats (D:1)
  7 endoplasms
  4 giant cockroaches
  2 gnoll zombies (Ossuary)
  9 goblins
  3 hobgoblins
  6 jackals
  3 quokkas
  2 ball python zombies (D:3)
  2 frilled lizards (D:1)
  2 goblin zombies (Ossuary)
  3 hobgoblin zombies (Ossuary)
  2 jackal zombies (Ossuary)
  5 kobolds
  3 kobold zombies (Ossuary)
  An orc zombie (Ossuary)
  7 quokka zombies (Ossuary)
  4 rats
  2 rat zombies (Ossuary)
  A bush (D:3)
152 creatures vanquished.

Vanquished Creatures (others)
  A plant (D:3)
1 creature vanquished.

Grand Total: 153 creatures vanquished

Notes
Turn   | Place    | Note
-------+----------+-------------------------------------------
     0 | D:1      | karrick the Gnoll Gladiator began the quest for the Orb.
     0 | D:1      | Reached XP level 1. HP: 20/20 MP: 1/1
   377 | D:1      | Reached XP level 2. HP: 12/26 MP: 2/2
   410 | D:1      | Reached XP level 3. HP: 13/31 MP: 3/3
   506 | D:1      | Reached skill level 1 in Invocations
   716 | D:2      | Noticed Natasha
   722 | D:2      | Killed Natasha
   723 | D:2      | Reached skill level 1 in Short Blades
   723 | D:2      | Reached skill level 1 in Long Blades
   723 | D:2      | Reached skill level 1 in Maces & Flails
   723 | D:2      | Reached skill level 1 in Polearms
   723 | D:2      | Reached skill level 1 in Staves
   723 | D:2      | Reached skill level 1 in Ranged Weapons
   723 | D:2      | Reached skill level 1 in Armour
   723 | D:2      | Reached skill level 1 in Stealth
   723 | D:2      | Reached skill level 1 in Shields
   723 | D:2      | Reached skill level 1 in Unarmed Combat
   723 | D:2      | Reached skill level 1 in Spellcasting
   723 | D:2      | Reached skill level 1 in Evocations
   723 | D:2      | Reached XP level 4. HP: 34/38 MP: 5/5
   796 | D:2      | Reached skill level 1 in Conjurations
   796 | D:2      | Reached skill level 1 in Hexes
   796 | D:2      | Reached skill level 1 in Summonings
   796 | D:2      | Reached skill level 1 in Necromancy
   796 | D:2      | Reached skill level 1 in Translocations
   796 | D:2      | Reached skill level 1 in Transmutations
   796 | D:2      | Reached skill level 1 in Fire Magic
   796 | D:2      | Reached skill level 1 in Ice Magic
   796 | D:2      | Reached skill level 1 in Air Magic
   796 | D:2      | Reached skill level 1 in Earth Magic
   796 | D:2      | Reached skill level 1 in Poison Magic
   830 | D:2      | Noticed Natasha
   836 | D:2      | Killed Natasha
  1039 | D:2      | Noticed Jessica
  1048 | D:2      | Killed Jessica
  1049 | D:2      | Reached XP level 5. HP: 33/43 MP: 7/7
  1347 | D:2      | Found an opulent altar of Gozag.
  1634 | D:3      | Found a broken altar of Ashenzari.
  1729 | D:3      | Found a hazy altar of Hepliaklqana.
  1755 | D:3      | Reached XP level 6. HP: 26/50 MP: 8/8
  1760 | D:3      | Found a sparkling altar of Nemelex Xobeh.
  1919 | D:3      | Reached skill level 5 in Fighting
  1919 | D:3      | Reached skill level 5 in Throwing
  2049 | D:3      | Found a faded altar of an unknown god.
  2167 | D:3      | Found a basalt altar of Yredelemnul.
  2287 | D:3      | Noticed an ice beast
  2656 | D:4      | Found a radiant altar of Vehumet.
  2690 | D:4      | Found a stormy altar of Qazlal.
  2795 | D:4      | Found a runed translucent gate.
  2795 | D:4      | Found a runed translucent gate.
  2795 | D:4      | Found a runed translucent gate.
  2817 | D:4      | Noticed an ice beast
  2835 | D:4      | Noticed an ice beast
  2835 | D:4      | Noticed Lianjan's ghost (novice OgRe)
  3092 | D:4      | Reached XP level 7. HP: 52/56 MP: 10/10
  3195 | D:4      | Noticed a +0 hand axe
  3196 | D:4      | Noticed a +0 dagger
  3200 | D:4      | Found a hide-covered altar of Uskayaw.
  3464 | D:4      | Found a staircase to the Ecumenical Temple.
  3796 | Temple   | Entered the Ecumenical Temple
  3926 | D:5      | Entered Level 5 of the Dungeon
  3940 | D:5      | Found a sand-covered staircase.
  3947 | Ossuary  | Entered an ossuary
  4238 | Ossuary  | Reached XP level 8. HP: 60/63 MP: 12/12
  4991 | D:5      | Identified the +3 ring mail of Limitation {rF+ Int+4}
  5530 | D:5      | Found a snail-covered altar of Cheibriados.
  6993 | D:6      | Reached XP level 9. HP: 10/69 MP: 14/14
  8099 | D:6      | Slain by an ogre

Illustrated notes

Levels and vault maps discovered:
D:1:      nicolae_arrival_somewhat_less_tricky_arrival, layout_rooms,
          hangedman_decor_growths
D:2:      layout_loops_ring, basic_altar, uniq_natasha, uniq_jessica
D:3:      layout_basic, nicolae_overflow_crystal_walls,
          nemelex_xobeh_ov_fountains_minmay, mainiacjoe_overflow_alcove_4,
          nicolae_yredelemnul_corpse_copse, serial_forest,
          infiniplex_forest_corner_2, infiniplex_forest_end_3,
          infiniplex_forest_clump_tiny, infiniplex_forest_lined_ring,
          infiniplex_forest_clump_medium, infiniplex_forest_lined_corner,
          infiniplex_forest_clump_medium, infiniplex_forest_end_3,
          infiniplex_forest_straight_1, hellmonk_ecumenical_altar_zigzags,
          amcnicky_mini_corridor_feature
D:4:      layout_loops_corners, dancing_weapons_uskayaw,
          nicolae_qazlal_scattered_showers, nicolae_vehumet_radiance,
          minmay_temple_entry_junction, gammafunk_ghost_icy, skrybe_limestone_x,
          chequers_serial_rivers_micro_a
D:5:      layout_basic, slow_altar_2, enter_ossuary_5, minmay_bent
D:6:      layout_gridville, sigmund_army
Temple:   nicolae_temple_superstar

Skill      XL: |  1  2  3  4  5  6  7  8  9 |
---------------+----------------------------+-----
Invocations    | 1 2 3 4 |  4.6
Short Blades   | 1 2 3 4 |  4.2
Long Blades    | 1 2 3 4 |  4.2
Maces & Flails | 1 2 3 4 |  4.2
Polearms       | 1 2 3 4 |  4.2
Staves         | 1 2 3 4 |  4.2
Ranged Weapons | 1 2 3 4 |  4.2
Armour         | 1 2 3 4 |  4.2
Stealth        | 1 2 3 4 |  4.2
Shields        | 1 2 3 4 |  4.2
Unarmed Combat | 1 2 3 4 |  4.2
Spellcasting   | 1 2 3 4 |  4.2
Evocations     | 1 2 3 4 |  4.2
Conjurations   | 1 2 3 |  3.5
Hexes          | 1 2 3 |  3.5
Summonings     | 1 2 3 |  3.5
Necromancy     | 1 2 3 |  3.5
Translocations | 1 2 3 |  3.5
Transmutations | 1 2 3 |  3.5
Fire Magic     | 1 2 3 |  3.5
Ice Magic      | 1 2 3 |  3.5
Air Magic      | 1 2 3 |  3.5
Earth Magic    | 1 2 3 |  3.5
Poison Magic   | 1 2 3 |  3.5
Fighting       | 5 6 |  6.3
Throwing       | 5 6 |  6.3
Axes           | 7 |  7.9
Dodging        | 7 |  7.9

Action                   |  1- 3 |  4- 6 |  7- 9 || total
-------------------------+-------+-------+-------++-------
Melee: War axe           |    69 |    28 |       ||    97
       Bite              |     6 |    15 |    63 ||    84
       Hand axe          |       |   132 |   437 ||   569
       Punch             |       |     1 |     4 ||     5
  Use: Scroll            |       |     1 |     1 ||     2
       Potion            |       |       |     1 ||     1
 Stab: Sleeping          |       |     4 |    11 ||    15
Armor: Leather armour    |    22 |    22 |    77 ||   121
Dodge: Dodged            |    52 |   104 |   281 ||   437

Table legend: (Time is in decaauts)
 A = Elapsed time spent in this place.
 B = Non-inter-level travel time spent in this place.
 C = Inter-level travel time spent in this place.
 D = Time resting spent in this place.
 E = Time spent auto-exploring this place.
 F = Levels seen in this place.
 G = Mean time per level.
                   A        B        C        D        E       F      G
               +--------+--------+--------+--------+--------+-----+--------+
         Total |   8081 |   7749 |    332 |    162 |   6357 |   8 | 1010.1 |
       Dungeon |   7317 |   6990 |    327 |    162 |   5792 |   6 | 1219.5 |
        Temple |    119 |    114 |      5 |      0 |    106 |   1 |  119.0 |
       Ossuary |    644 |    644 |      0 |      0 |    459 |   1 |  644.0 |
               +--------+--------+--------+--------+--------+-----+--------+

Top non-repeatable levels by time:
     D:3: 1707 daAuts
     D:6: 1381 daAuts
     D:5: 1366 daAuts
     D:4: 1356 daAuts
     D:2: 770 daAuts
     D:1: 735 daAuts
 Ossuary: 644 daAuts
  Temple: 119 daAuts
